 Dungeon Crawl Stone Soup version 0.17.1-2-g5865329 (webtiles) character file.

2027 xeno23 the Slasher (level 9, -2/59 HPs)
             Began as a High Elf Skald on Jan 29, 2016.
             Was a Follower of the Shining One.
             Slain by an orc
             ... wielding a +0 flail
              (5 damage)
             ... on level 7 of the Dungeon.
             The game lasted 00:32:51 (6403 turns).

xeno23 the Slasher (High Elf Skald)                 Turns: 6403, Time: 00:32:51

Health: -2/59      AC:  6    Str: 23    XL:     9   Next: 3%
Magic:  12/14      EV: 15    Int: 18    God:    the Shining One [*.....]
Gold:   315        SH:  0    Dex: 14    Spells: 3 memorised, 8 levels left

rFire  . . .     SeeInvis .     D - +9 quarterstaff of Dividends {crush, Str+3}
rCold  . . .     Clarity  +     c - +2 robe "Irob" {Str+6}
rNeg   . . .     SustAt   .     (shield currently unavailable)
rPois  .         Gourm    .     v - +0 helmet
rElec  .         Spirit   .     (no cloak)
rCorr  .         Warding  .     e - +0 pair of gloves
rMut   .         Stasis   .     (no boots)
MR     .....                    w - amulet of clarity
Stlth  +.........               (no ring)
                                g - +1 ring of evasion

@: infused, glowing, not resistant to hostile enchantments, very unstealthy
A: no striking features
a: Renounce Religion


You were on level 7 of the Dungeon.
You worshipped the Shining One.
The Shining One was aware of your devotion.
You were not hungry.

You visited 2 branches of the dungeon, and saw 8 of its levels.

You collected 315 gold pieces.

Inventory:

Hand Weapons
 k - a +0 spear
 r - a +0 falchion of electrocution
 A - a +0 great sword
 D - the +9 quarterstaff of Dividends (weapon) {crush, Str+3}
   (You found it on level 6 of the Dungeon)

   It inflicts extra damage upon your enemies.
   It affects your strength (+3).
Armour
 c - the +2 robe "Irob" (worn) {Str+6}
   (You found it on level 5 of the Dungeon)

   It affects your strength (+6).
 e - a +0 pair of gloves (worn)
 f - a +0 ring mail
 u - a +0 buckler
 v - a +0 helmet (worn)
Jewellery
 g - a +1 ring of evasion (left hand)
 w - an amulet of clarity (around neck)
Wands
 y - a wand of hasting (2)
 z - a wand of heal wounds (4)
 E - a wand of disintegration (5)
Scrolls
 j - 2 scrolls of enchant armour {unknown}
 n - 2 scrolls of remove curse
 o - 2 scrolls of identify
 p - a scroll of magic mapping {unknown}
 q - 3 scrolls of enchant weapon {unknown}
 s - a scroll of noise {unknown}
 B - a scroll of amnesia {unknown}
 C - 2 scrolls of recharging {unknown}
 F - a scroll of fear {unknown}
 H - a scroll of teleportation
Potions
 a - a potion of lignification {unknown}
 b - a potion of beneficial mutation {unknown}
 h - a potion of flight
 i - 4 potions of brilliance {unknown}
 l - 3 potions of curing {unknown}
 t - a potion of haste {unknown}
Books
 x - a book of Clouds

   Spells                             Type                      Level
   a - Mephitic Cloud                 Conjuration/Poison/Air       3
   b - Conjure Flame                  Conjuration/Fire             3
   c - Poisonous Cloud                Conjuration/Poison/Air       6
   d - Freezing Cloud                 Conjuration/Ice/Air          6
   e - Ring of Flames                 Charms/Fire                  7
Comestibles
 d - 6 bread rations
 m - 5 meat rations
 G - a beef jerky
 I - 2 chunks of flesh


   Skills:
 + Level 4.7 Fighting
 * Level 6.5 Long Blades
 + Level 3.5 Armour
 + Level 4.1 Dodging
 * Level 3.3 Shields
 - Level 3.0 Spellcasting
 + Level 3.9 Hexes
 * Level 6.1 Charms
 + Level 3.4 Translocations


You had 8 spell levels left.
You knew the following spells:

 Your Spells              Type           Power        Failure   Level  Hunger
a - Infusion              Chrm           ###...       1%          1    None
d - Shroud of Golubria    Chrm/Tloc      ###.......   3%          2    ##.....
s - Spectral Weapon       Hex/Chrm       ###.....     10%         3    ###....


Dungeon Overview and Level Annotations

Branches:
Dungeon (7/15)             Temple (1/1) D:4

Altars:
Ashenzari
Cheibriados
Dithmenos
Elyvilon
Fedhas
Gozag
Kikubaaqudgha
Makhleb
Nemelex Xobeh
Ru
Sif Muna
Trog
Vehumet
Xom
Yredelemnul
Zin
The Shining One


Message History

You thump the orc priest!
The orc priest is almost dead.
The orc priest invokes the aid of Beogh against you.
Pain shoots through your body!
The orc warrior hits you from afar with a glaive!
* * * LOW HITPOINT WARNING * * *
You take 24 damage.
You hit the orc priest.
You kill the orc priest!
The Shining One accepts your kill.
You feel your power returning.
The orc warrior hits you from afar with a glaive!
* * * LOW HITPOINT WARNING * * *
You take 14 damage.
Drink which item? (? for menu, Esc to quit)
Okay, then.
Read which item? (? for menu, Esc to quit)
Okay, then.
You hit the orc but do no damage. The orc hits you with a flail.
You die...

##.#####.######
###.............#
#...............#
#.#.##########..##
#.#.# #...# #.#.#
+..## #.#.# #.)..
#o#o# #.### #@#.# #.#
#.#.# #.## #.o.+ #..##
###.# #...#
#..##########....
#..).............
.............+........
#.........####........
#.####.#..# ##.......


You could see an orc warrior and an orc.

Vanquished Creatures
  The ghost of xeno23 the Slasher, a novice HESk (D:5)
  Grinder (D:4)
  Sigmund (D:5)
  2 sky beasts (D:6)
  2 phantoms (D:4)
  4 giant frogs
  A scorpion (D:5)
  3 orc wizards
  A crimson imp (D:5)
  A jelly (D:5)
  3 orc priests
  An iguana (D:5)
  4 hounds (D:4)
  A worker ant (D:4)
  A hound zombie (D:6)
  7 gnolls
  Robin (D:4)
  3 shadow imps
  10 adders
  3 oozes
  An adder zombie (D:6)
  3 worms (D:2)
  An adder skeleton (D:5)
  4 giant geckos
  23 orcs
  8 giant cockroaches
  14 hobgoblins
  7 jackals (D:3)
  6 kobolds
  3 quokkas
  4 bats
  A giant gecko skeleton (D:4)
  3 giant newts
  13 goblins
  A quokka zombie (D:5)
  12 rats
155 creatures vanquished.

Notes
Turn   | Place    | Note
--------------------------------------------------------------
     0 | D:1      | xeno23 the High Elf Skald began the quest for the Orb.
     0 | D:1      | Reached XP level 1. HP: 14/14 MP: 4/4
    88 | D:1      | Reached skill level 1 in Armour
   250 | D:1      | Reached XP level 2. HP: 19/19 MP: 3/6
   556 | D:1      | Reached XP level 3. HP: 8/25 MP: 5/8
   604 | D:1      | Learned a level 3 spell: Regeneration
   608 | D:1      | Learned a level 3 spell: Spectral Weapon
   688 | D:2      | Found a bloodstained altar of Trog.
  1263 | D:3      | Noticed Sigmund
  1457 | D:2      | Reached XP level 4. HP: 22/30 MP: 1/9
  1482 | D:2      | Reached skill level 4 in Charms
  1612 | D:1      | Learned a level 2 spell: Shroud of Golubria
  1960 | D:3      | Reached XP level 5. HP: 25/36 MP: 4/10
  2580 | D:4      | Reached skill level 1 in Hexes
  2648 | D:4      | Reached skill level 1 in Translocations
  2657 | D:4      | Reached XP level 6. HP: 37/42 MP: 0/11
  2729 | D:4      | Found a staircase to the Ecumenical Temple.
  2733 | Temple   | Entered the Ecumenical Temple
  2748 | Temple   | Became a worshipper of the Shining One
  2831 | D:4      | Noticed a phantom
  2839 | D:4      | Killed a phantom
  2977 | D:4      | Noticed Robin
  2990 | D:4      | Killed Robin
  3224 | D:4      | Got an iridescent spear {vamp}
  3370 | D:4      | Noticed a phantom
  3378 | D:4      | Killed a phantom
  3378 | D:4      | Reached skill level 1 in Shields
  3378 | D:4      | Reached XP level 7. HP: 38/47 MP: 9/12
  3438 | D:4      | Noticed Grinder
  3445 | D:4      | Paralysed by Grinder for 5 turns
  3452 | D:4      | Killed Grinder
  3452 | D:4      | Reached skill level 5 in Charms
  3745 | D:3      | Found a deep blue altar of Sif Muna.
  3763 | D:3      | Reached skill level 5 in Long Blades
  4914 | D:3      | Found a deep blue altar of Sif Muna.
  5189 | D:5      | Entered Level 5 of the Dungeon
  5198 | D:5      | Reached * piety under the Shining One
  5250 | D:5      | Noticed xeno23's ghost (novice HESk)
  5260 | D:5      | Killed xeno23's ghost
  5260 | D:5      | Reached XP level 8. HP: 52/54 MP: 5/13
  5350 | D:5      | Killed Sigmund
  5488 | D:5      | Found a shattered altar of Ashenzari.
  5495 | D:5      | Got a ripped robe
  5506 | D:5      | Identified the +2 robe "Irob" {Str+6} (You found it on level 5 of the Dungeon)
  5654 | D:6      | Got a pitted quarterstaff
  5661 | D:6      | Identified the +9 quarterstaff of Dividends {crush, Str+3} (You found it on level 6 of the Dungeon)
  5671 | D:6      | Reached skill level 6 in Long Blades
  5763 | D:6      | Found a blossoming altar of Fedhas.
  5808 | D:6      | Found a sacrificial altar of Ru.
  6326 | D:7      | Reached XP level 9. HP: 59/59 MP: 11/14
  6403 | D:7      | Slain by an orc

Action                   |  1- 3 |  4- 6 |  7- 9 || total
-------------------------+-------+-------+-------++-------
Melee: Falchion          |   121 |   250 |   108 ||   479
       Spear             |       |       |    20 ||    20
       Quarterstaff      |       |       |    32 ||    32
 Cast: Infusion          |    17 |    15 |     8 ||    40
       Regeneration      |     7 |     2 |       ||     9
       Spectral Weapon   |     1 |     1 |     5 ||     7
       Shroud of Golubri |       |     4 |     7 ||    11
  Use: Scroll            |     1 |     2 |     3 ||     6
 Stab: Sleeping          |     1 |       |       ||     1
  Eat: Chunk             |     1 |     6 |    10 ||    17
       Bread ration      |     1 |       |       ||     1
